 Dungeon Crawl Stone Soup version 0.17.1-3-g152610e (webtiles) character file.

30 ololoev the Covered (level 3, 25/29 HPs)
             Began as a Demonspawn Fighter on Feb 17, 2016.
             Quit the game on level 4 of the Dungeon.
             The game lasted 00:02:25 (317 turns).

ololoev the Covered (Demonspawn Fighter)             Turns: 317, Time: 00:02:25

Health: 25/29      AC:  9    Str: 17    XL:     3   Next: 3%
Magic:  3/3        EV:  4    Int: 11    God:
Gold:   74         SH:  8    Dex: 12    Spells: 0 memorised, 2 levels left

rFire  . . .     SeeInvis .     a - +0 war axe
rCold  . . .     Clarity  .     g - +0 chain mail
rNeg   . . .     SustAt   .     c - +0 shield
rPois  .         Gourm    .     (helmet restricted)
rElec  .         Spirit   .     (no cloak)
rCorr  .         Warding  .     (no gloves)
rMut   .         Stasis   .     (no boots)
MR     .....                    (no amulet)
Stlth  ..........               (no ring)
                                i - +2 ring of intelligence

@: mildly poisoned (25 -> 23), not resistant to hostile enchantments, extremely
unstealthy
A: horns 1, spiny 1
a: no special abilities


Innate Abilities, Weirdness & Mutations

You have a pair of small horns on your head.
You are partially covered in sharp spines.

Inventory:

Hand Weapons
 a - a +0 war axe (weapon)
Armour
 b - a +0 scale mail
 c - a +0 shield (worn)
 g - a +0 chain mail (worn)
Jewellery
 i - a +2 ring of intelligence (left hand)
Scrolls
 f - a scroll of amnesia {unknown}
 h - a scroll of teleportation {unknown}
 m - a scroll of immolation {unknown}
 o - a scroll of random uselessness {unknown}
Potions
 d - a potion of might
 k - a potion of curing {unknown}
 n - 2 potions of invisibility {unknown}
Comestibles
 e - 2 bread rations
 j - a slice of pizza
 l - 2 meat rations


   Skills:
 - Level 3.0 Fighting
 * Level 2.8 Axes
 + Level 3.1 Armour
 - Level 2.6 Shields


You had 2 spell levels left.
You didn't know any spells.


You were on level 4 of the Dungeon.
You were not hungry.

You visited 1 branch of the dungeon, and saw 4 of its levels.

You collected 74 gold pieces.

####
#...####
#.8.8.8#
#..⌠.⌠.#
#.8.@.8##
###..⌠.⌠..#
#...8.8.8.#
#......#..+
#......#..#
#......#..#
.
...###+##..#
..
|..#.......#
... ..
#.....†.#
>...

Notes
Turn   | Place    | Note
--------------------------------------------------------------
     0 | D:1      | ololoev the Demonspawn Fighter began the quest for the Orb.
     0 | D:1      | Reached XP level 1. HP: 18/18 MP: 1/1
    88 | D:1      | Gained mutation: You are partially covered in sharp spines. [demonic ancestry]
    88 | D:1      | Reached XP level 2. HP: 14/24 MP: 2/2
   307 | D:4      | Gained mutation: You have a pair of small horns on your head. [demonic ancestry]
   307 | D:4      | Reached XP level 3. HP: 26/29 MP: 3/3
   311 | D:4      | Found Niykeq's Magic Scroll Boutique.
   317 | D:4      | Quit the game

Dungeon Overview and Level Annotations

Branches:
Dungeon (4/15)
 Temple: D:4-7

Altars:

Shops:
D:4 ?


Message History

You open the door.
There is an open door here.
You now have 74 gold pieces (gained 14).
As you open the door, it creaks loudly!
A giant newt comes into view.
There is an open door here.
You closely miss the giant newt. You block the giant newt's attack.
The giant newt is struck by your spines.
You kill the giant newt!
You see here a giant newt corpse.
You open the door.
Found a stone staircase leading down.
There is an open door here.
You open the door.
An adder comes into view.
There is an open door here.
You block the adder's attack.
You hit the adder but do no damage. You block the adder's attack.
The adder is struck by your spines. The adder bites you.
You are poisoned.
The adder poisons you!
Your shield and chain mail prevent you from hitting the adder.
The adder is severely wounded.
You feel sick. The adder is struck by your spines.
You kill the adder!
You have reached level 3!
Your experience leads to an increase in your attributes!
Your base attributes are Str 16, Int 9, Dex 12.
Increase (S)trength, (I)ntelligence, or (D)exterity?
You feel stronger.
You feel monstrous as your demonic heritage exerts itself.
Your demonic ancestry asserts itself...
A pair of horns grows on your head!
You see here an adder corpse.
You feel sick.
Found Niykeq's Magic Scroll Boutique.
You feel sick.
Found a long smoking staff.
There is an entrance to Niykeq's Magic Scroll Boutique here.
Are you sure you want to abandon this character and quit the game? (Confirm with "yes".)

There were no monsters in sight!

Vanquished Creatures
  An adder (D:4)
  A worm (D:2)
  A giant gecko (D:1)
  8 bats (D:1)
  A goblin (D:1)
  A hobgoblin (D:1)
  A quokka (D:3)
  2 giant newts
  3 rats
19 creatures vanquished.

Action                   || total
-------------------------++-------
Melee: War axe           ||    40

Vault maps used:
D:1:      lightli_arrival_windingriver
D:2:      yredelemnul_altar_generic, kennysheep_generic_room_13
D:4:      minmay_temple_entry_glass, serial_shops,
          nicolae_shop_temple_entry_statues_fountains
